Cool Beans, neutral male gnomish Tourist --------- ---------------------- ###-.......| +....+..|.(...|..-...| # |<......| |.......|.d| |..|....##########........| | ----+----.....-...@I-+-----...| ` --------- |...................d...........| -+-----+--........|----|---...| # |.....G{|....|...|...|### ...........|....|..%|....# -----.......|.@).|...|...| ....{....|....|...|....` --------.----------|...| |.+ |(((.-...| +.| |(((.|...| |.| |(((.|...| -.- ------...| . ...| --- ----- Cool Beans the Sightseer Experience level: 4 Strength: 11 Dexterity: 12 Constitution: 15 Intelligence: 17 Wisdom: 6 Charisma: 17 Health: 0(30) Energy: 14(14) Def: 5 Gold: 842 Moves: 2141 Dungeon seed: mAlB6BOVbgsygI22 Game ID: Cool Beans_1516641853 Your Inventory: Coins $ - 842 gold pieces Amulets b - an uncursed amulet of ESP F - a cursed amulet of restful sleep Weapons a - 42 uncursed +2 darts (in quiver) d - 92 uncursed +0 crossbow bolts g - 7 uncursed +3 crossbow bolts k - an uncursed +0 scimitar (weapon in hand) q - an uncursed +2 aklys u - 8 blessed +2 darts P - an uncursed +0 boomerang T - 10 uncursed +4 crossbow bolts U - 9 blessed +3 crossbow bolts Armor e - an uncursed +0 Hawaiian shirt (being worn) X - an uncursed +0 elven mithril-coat (being worn) Comestibles f - 4 uncursed food rations z - an uncursed cream pie Scrolls c - an uncursed scroll of light l - 4 uncursed scrolls of magic mapping A - an uncursed scroll of earth B - an uncursed scroll of teleportation R - an uncursed scroll of destroy armor Spellbooks I - an uncursed spellbook of confuse monster J - an uncursed spellbook of extra healing Potions s - an uncursed potion of restore ability t - an uncursed potion of levitation Wands o - an uncursed wand of secret door detection (0:14) x - an uncursed wand of undead turning (0:5) O - an uncursed wand of fire (0:7) Tools m - an uncursed expensive camera (0:98) n - an uncursed credit card p - an uncursed oil lamp (0:702) V - an uncursed expensive camera (0:39) Gems h - an uncursed amber r - an uncursed worthless piece of blue glass y - an uncursed jet N - an uncursed worthless piece of violet glass W - 2 uncursed obsidians Y - an uncursed jade Spells and supernatural/magical abilities: Name Level Category Fail Memory W - pray for help -- divine ? -- Your skills at the end: Miscellaneous Skills wands [Basic] Weapon Skills club [Basic] dart [Basic] Spellcasting Skills Final Attributes: You were devoutly aligned. You had infravision. You were somewhat stealthy. You were lucky. You are dead. Vanquished creatures: a gray ooze 4 giant ants 2 homunculi a giant bat a hobbit an acid blob a large kobold 2 geckos a brown mold 2 yellow molds 2 red molds a gnome 3 gnome zombies 6 jackals a fox 2 kobolds 3 newts a goblin a sewer rat 4 grid bugs 4 lichens 2 kobold zombies 46 creatures vanquished. Voluntary challenges: You were vegetarian. You did not adorn yourself with jewelry or accessories. You did not cause conflict. You were not invisible. You did not have reflection. You were not displaced. You had been an atheist until turn 1969. You used a wielded weapon 16 times, starting on turn 422. You did not apply a unicorn horn. You did not use plumbed fixtures. You read items or engraved 1 time, starting on turn 705. You never genocided any monsters. You never polymorphed an object. You never changed form. You used no wishes. You never split a pudding. You never wrote Elbereth's name. You never violated your personal moral code. Dungeon overview: The Dungeons of Doom: levels 1 to 2 Level 1 some fountains a long staircase Level 2 stairs to The Gnomish Mines The Gnomish Mines: levels 3 to 5 Level 3 stairs to The Dungeons of Doom Level 4 Level 5 <- You were here a hardware shop, a temple to The Lady, a magic chest, some fountains History has recorded: On T:1 you entered the Dungeons of Doom to retrieve the Amulet of Yendor! On T:458 you reached level 2 of The Dungeons of Doom. On T:777 you advanced to experience level 2. On T:872 you reached level 1 of The Gnomish Mines. On T:1082 you advanced to experience level 3. On T:1272 you reached level 2 of The Gnomish Mines. On T:1844 you reached level 3 of The Gnomish Mines. On T:1921 you advanced to experience level 4. On T:1940 you entered the Minetown temple On T:2066 you opened a magic chest. Score breakdown: Gold: 227 ( 22 points) Experience: 4 levels ( 300 points) Exploration: 5 levels ( 120 points) Discoveries: 20 items ( 1000 points) Variety of kills: 22 monsters ( 1100 points) Major goal: reached Minetown ( 500 points) Survival: died (score multiplied by 3) Total score: 9126 Latest messages: Something touches you! The dog bites! You slash the dog. The dog bites! The dart hits the dog. The dog bites! (3x) You hear someone cursing shoplifters. You feel much better. The dog bites! Something touches you! You hack the dog. The dog bites! You hack the dog. The dog bites! The dog just misses! You slash the dog. The dog bites! (2x) Something touches you! The dog bites! (2x) You die... Final status: Aloha Cool Beans the Tourist, killed by a dog... You died in The Gnomish Mines on dungeon level 5 with 9126 points, and 842 pieces of gold, after 2141 moves. You were level 4 with a maximum of 30 hit points when you died.